 Dungeon Crawl Stone Soup version 0.29.0-15-g675c0067aa (webtiles) character file.

Game seed: 3594150446944871123

353 RascalDebosk the Chopper (level 6, -8/56 HPs)
             Began as a Minotaur Berserker on Sept 11, 2022.
             Was a Priest of Trog.
             Mangled by an ogre
             ... wielding a +0 giant club
              (22 damage)
             ... on level 5 of the Dungeon.
             The game lasted 00:19:13 (3910 turns).

RascalDebosk the Chopper (Minotaur Berserker)       Turns: 3910, Time: 00:19:14

Health: -8/56      AC:  9    Str: 22    XL:     6   Next: 35%
Magic:  5/5        EV:  8    Int:  6    God:    Trog [***...]
Gold:   171        SH:  0    Dex:  9    Spells: 5/5 levels left

rFire   . . .      SeeInvis .   a - +1 hand axe
rCold   . . .      Faith    .   (no shield)
rNeg    . . .      Spirit   .   d - +0 chain mail
rPois   .          Reflect  .   (helmet restricted)
rElec   .          Harm     .   (no cloak)
rCorr   .          Rampage  .   (no gloves)
Will    +++..                   (no boots)
Stlth   ..........              (no amulet)
HPRegen 1.18/turn               b - ring of flight
MPRegen 0.09/turn               i - ring of willpower

@: strong-willed, on berserk cooldown, flying, regenerating, slowed, invisible,
very slow
A: horns 2, retaliatory headbutt
a: Renounce Religion, Berserk, Trog's Hand


You were on level 5 of the Dungeon.
You worshipped Trog.
Trog was most pleased with you.
You visited 1 branch of the dungeon, and saw 5 of its levels.

You collected 171 gold pieces.

Inventory:

Hand Weapons
 a - a +1 hand axe (weapon)
 c - a +0 flail
Missiles
 r - 3 boomerangs (quivered)
 t - 6 poisoned darts
Armour
 d - a +0 chain mail (worn)
Jewellery
 b - a ring of flight (left hand)
 e - an amulet of magic regeneration
 f - a +4 ring of evasion
 i - a ring of willpower (right hand)
 l - a ring of protection from cold
Scrolls
 k - a scroll of vulnerability
Potions
 h - a potion of invisibility
 p - 2 potions of heal wounds
 q - a potion of might {unknown}
 s - 2 potions of curing


   Skills:
 + Level 5.0 Fighting
 + Level 5.0 Axes
 + Level 2.6 Throwing
 + Level 4.2 Armour
 - Level 2.1 Dodging
 + Level 2.3 Evocations


You had 5 spell levels left.
You didn't know any spells.
Your spell library was empty.

Dungeon Overview and Level Annotations

Branches:
Dungeon (5/15)
 Temple: D:4-7

Altars:


Innate Abilities, Weirdness & Mutations

You have a pair of horns on your head.
You reflexively headbutt those who attack you in melee.


Message History

You feel yourself slow down.
You see here 2 potions of flight.
You see here a +0 whip of electrocution.
You see here 2 potions of flight.
You see here a +0 whip of electrocution.
You reach down and open the door.
An ogre and an orc come into view.
The ogre shouts!
The orc shouts!
You hear a shout!
An orc wizard comes into view. It is wielding a +0 dagger.
You reach down and close the door.
An orc opens the door.
An orc comes into view. It is wielding a +0 flail.
The orc sings a few bars from the Orcish anthem.
The orc moves out of view.
The orc attacks as you move away! The orc closely misses you.
You furiously retaliate!
You headbutt the orc. The orc attacks as you move away!
The orc closely misses you. The orc hits you but does no damage.
There is an open door here.
You barely miss the orc.
The orc is moderately wounded.
The orc hits you but does no damage. x2
The ogre hits you with a +0 giant club!
You hit the orc.
You kill the orc!
Trog accepts your kill.
You hit the ogre but do no damage. The ogre hits you with a +0 giant club!
You hit the ogre. You headbutt the ogre.
The ogre is lightly wounded.
The ogre hits you with a +0 giant club!
You fade into invisibility!
The ogre hits you with a +0 giant club!!
* * * LOW HITPOINT WARNING * * *
Your skin crawls.
You feel strong-willed. The ogre barely misses you. The ogre barely misses you.
You see here a potion of flight.
The ogre hits you with a +0 giant club!!
You die...

#.# #.# #.# #.####### #.# #.#
#.......# #.# #.. ##+## #.....#.#
#.# ### ##...## #.###.#.# #.#
##.....## #.###.#.# #.####
##.......## #(#.#.#.# #.##.##
##.........###o......######.#...#
o'........)'.!.O@................
##.......†.####....########.#...#
##>......## ##.#.# #......
##.)...## ###.# #).#### ##.!.##
#.# #..# ##+## ... #..#### #.
#...... ##.###. #.....


You could see an ogre (unable to see you) and an orc wizard (unable to see you).

Vanquished Creatures
  A black bear (D:4)
  A hound (D:5)
  2 iguanas
  An orc wizard (D:3)
  2 adders (D:3)
  A gnoll (D:3)
  A white imp (D:5)
  An ufetubus (D:5)
  2 worms (D:3)
  5 dart slugs
  7 orcs
  2 ball pythons
  8 bats
  10 endoplasms
  4 giant cockroaches
  4 goblins
  4 hobgoblins
  4 jackals (D:1)
  8 kobolds
  3 quokkas
  5 frilled lizards
  11 rats
87 creatures vanquished.

Notes
Turn   | Place    | Note
-------+----------+-------------------------------------------
     0 | D:1      | RascalDebosk the Minotaur Berserker began the quest for the
                  | Orb.
     0 | D:1      | Reached XP level 1. HP: 19/19 MP: 0/0
   300 | D:1      | Reached XP level 2. HP: 27/27 MP: 1/1
   599 | D:1      | Found a faded altar of an unknown god.
   833 | D:1      | Reached skill level 1 in Throwing
   979 | D:1      | Reached XP level 3. HP: 31/33 MP: 2/2
   980 | D:1      | Reached ** piety under Trog
  1302 | D:2      | Reached skill level 1 in Evocations
  1949 | D:3      | Reached XP level 4. HP: 40/40 MP: 3/3
  2538 | D:3      | Reached *** piety under Trog
  2557 | D:3      | Reached XP level 5. HP: 36/47 MP: 4/4
  3079 | D:4      | Noticed a black bear
  3087 | D:4      | Killed a black bear
  3295 | D:4      | Reached XP level 6. HP: 32/55 MP: 5/5
  3565 | D:5      | Entered Level 5 of the Dungeon
  3879 | D:5      | Reached skill level 5 in Axes
  3880 | D:5      | Reached skill level 5 in Fighting
  3910 | D:5      | Mangled by an ogre

Illustrated notes

Levels and vault maps discovered:
D:1:      dpeg_chamrin_arrival_tetris, layout_basic, basic_ecumenical_altar
D:2:      layout_loops_cross
D:3:      layout_basic, nicolae_kite_square_tiling_tiny, minmay_diced_spiral
D:4:      layout_loops_ring, hangedman_decor_clover_reticule, chequers_garden,
          corexii_hall_statues_u
D:5:      layout_loops_corners

Skill      XL: |  1  2  3  4  5  6 |
---------------+-------------------+-----
Throwing       | 1 2 |  2.6
Armour         | 3 4 |  4.2
Axes           | 4 5 |  5.0
Fighting       | 4 5 |  5.0
Evocations     | 1 2 |  2.3
Dodging        | |  2.1

Action                   |  1- 3 |  4- 6 || total
-------------------------+-------+-------++-------
Melee: Hand axe          |    98 |    99 ||   197
       Headbutt          |    10 |    14 ||    24
       Punch             |       |     1 ||     1
Throw: Boomerang         |       |     4 ||     4
Invok: Berserk           |       |     2 ||     2
       Trog's Hand       |       |     1 ||     1
  Use: Scroll            |       |    12 ||    12
       Potion            |       |     1 ||     1
Armor: Animal skin       |     2 |       ||     2
       Chain mail        |    44 |    55 ||    99
Dodge: Dodged            |    67 |    69 ||   136
